 Dungeon Crawl Stone Soup version 0.18-a0-1702-gd20c6a5 (webtiles) character file.

44 Nattravnen the Skirmisher (level 3, 0/30 HPs)
             Began as a Demonspawn Chaos Knight on Apr 7, 2016.
             Succumbed to an adder's poison
             ... on level 2 of the Dungeon.
             The game lasted 00:07:01 (748 turns).

Nattravnen the Skirmisher (Demonspawn Chaos Knight)  Turns: 748, Time: 00:07:02

Health: 0/30       AC:  5    Str: 13    XL:     3   Next: 41%
Magic:  3/3        EV: 11    Int: 13    God:    Xom [.*....]
Gold:   33         SH:  0    Dex: 12    Spells: 0 memorised, 2 levels left

rFire  . . .     SeeInvis .     a - +0 mace (chaos)
rCold  . . .     Gourm    .     b - +2 leather armour
rNeg   . . .     Faith    .     (no shield)
rPois  .         Spirit   .     (no helmet)
rElec  .         Dismiss  .     (no cloak)
rCorr  .         Reflect  .     (no gloves)
SustAt .         Harm     .     (no boots)
MR     .....                    (no amulet)
Stlth  ++........               (no ring)
                                (no ring)

@: lethally poisoned (0 -> -6), not resistant to hostile enchantments,
unstealthy
A: nightstalker 1
a: Renounce Religion


You were on level 2 of the Dungeon.
You worshipped Xom.
You were a plaything of Xom.
You were not hungry.

You visited 1 branch of the dungeon, and saw 2 of its levels.

You collected 33 gold pieces.

Inventory:

Hand Weapons
 a - a +0 mace of chaos (weapon)
Armour
 b - a +2 leather armour (worn)
 d - a +0 leather armour
Potions
 e - a potion of mutation {unknown}
Comestibles
 c - a bread ration
 f - a meat ration


   Skills:
 + Level 3.7 Fighting
 + Level 3.0 Maces & Flails
 + Level 2.2 Armour
 + Level 1.3 Dodging


You had 2 spell levels left.
You didn't know any spells.

Dungeon Overview and Level Annotations

Branches:
Dungeon (2/15)

Altars:
Kikubaaqudgha


Innate Abilities, Weirdness & Mutations

You are slightly more attuned to the shadows.


Message History

* * * LOW HITPOINT WARNING * * *
You are lethally poisoned!
The adder poisons you!
The hobgoblin hits you but does no damage.
The quokka twitches its whiskers.
The quokka bites you but does no damage.
* * * LOW HITPOINT WARNING * * *
You feel sick.
The hobgoblin hits you but does no damage.
The hobgoblin closely misses you.
You see here a kobold corpse.
* * * LOW HITPOINT WARNING * * *
You feel sick.
The hobgoblin hits you but does no damage.
The adder bites you.
* * * LOW HITPOINT WARNING * * *
* * * LOW HITPOINT WARNING * * *
You feel sick.
You die...
Xom roars with laughter!

*,*******,,,,,,,,*,,*,***,
****,,,,,,,,,,,,,*,**,,*,* *,
*,,,,,,,,,,,,,,,,,,,,,,*,***,
*,**##**********,*,**,,*,,,,, *,*
#.,,,,,,,,,,,*,***,*****,
*.###'############+***,* ***+
*..................,**,***,,,
*..................,**,,**,,,
*.......†gr.@.)....,***,**,,,
*........gS........,*,,,,,**+
*****..................,*,,,,,**,
,,,,,........(.....###+##.,,,,**,
,,,,,....!.###.....# #...##,,***+
,,,,,..<...* #.....###....,,,,,,,
,,,,,......* ####.......#########
,,,,,,.!..,* #.......#.......#
,,,,,,...,,* #.......##.._..##


You could see an adder, a quokka and 2 hobgoblins.

Vanquished Creatures
  An adder (D:2)
  2 giant geckos
  3 bats
  3 hobgoblins (D:1)
  4 jackals (D:2)
  2 giant newts
  7 goblins
  6 kobolds
  A rat (D:2)
29 creatures vanquished.

Notes
Turn   | Place    | Note
--------------------------------------------------------------
     0 | D:1      | Nattravnen the Demonspawn Chaos Knight began the quest for the Orb.
     0 | D:1      | Reached XP level 1. HP: 18/18 MP: 1/1
    33 | D:1      | XOM: divination: detect items
   225 | D:1      | Gained mutation: You are slightly more attuned to the shadows. [demonic ancestry]
   225 | D:1      | Reached XP level 2. HP: 18/24 MP: 2/2
   239 | D:1      | XOM: silly message
   267 | D:1      | XOM: mild Erth miscast
   397 | D:1      | XOM: mild Ice miscast
   468 | D:1      | Reached skill level 1 in Dodging
   617 | D:2      | Reached XP level 3. HP: 26/29 MP: 3/3
   666 | D:2      | Found an ancient bone altar of Kikubaaqudgha.
   746 | D:2      | HP: 1/30 [poisoned by an adder]
   748 | D:2      | Succumbed to an adder's poison

Vault maps used:
D:1:      dpeg_arrival_rooms_with_view
D:2:      kiku_gazebo_garden_becter, cheibrodos_gnoll_hut, uniq_jessica,
          uniq_terence

Skill      XL: |  1  2 |
---------------+-------+-----
Armour         | 2 |  2.2
Dodging        | 1 |  1.3
Maces & Flails | 3 |  3.0
Fighting       | |  3.7

Action                   || total
-------------------------++-------
Melee: Mace              ||   101
  Use: Scroll            ||     5
       Potion            ||     2
  Eat: Beef jerky        ||     1
